 Dungeon Crawl Stone Soup version 0.18-a0-1267-gff090c1 (webtiles) character file.

536 namelastname112 the Shooter (level 7, 55/60 HPs)
             Began as a Green Draconian Hunter on Feb 7, 2016.
             Was an Initiate of Gozag.
             Quit the game on level 5 of the Dungeon.
             The game lasted 00:05:26 (4069 turns).

namelastname112 the Shooter (DrHu)                  Turns: 4069, Time: 00:05:26

Health: 55/60      AC:  7    Str: 17    XL:     7   Next: 4%
Magic:  8/8        EV: 13    Int: 10    God:    Gozag
Gold:   498        SH:  0    Dex: 11    Spells: 0 memorised, 6 levels left

rFire  . . .     SeeInvis .     (no weapon)
rCold  . . .     Gourm    .     (armour unavailable)
rNeg   . . .     Faith    .     (no shield)
rPois  +         Spirit   .     (helmet restricted)
rElec  .         Dismiss  .     (no cloak)
rCorr  .         Reflect  .     j - +0 pair of gloves
SustAt .         Harm     .     (no boots)
MR     .....     Clarity  +     v - amulet of rage
Stlth  +......... Rnd*Tele +    x - ring of teleportation (curse)
                                l - +3 ring of strength

@: gold aura, not resistant to hostile enchantments, very unstealthy
A: breathe noxious fumes, unfitting armour, blink, clarity, clumsy 1, dopey 1,
high mp 2, poison resistance, cold-blooded, AC +6
a: Breathe Noxious Fumes, Blink, Potion Petition, Call Merchant, Bribe Branch,
Renounce Religion, Evoke Berserk Rage


You were on level 5 of the Dungeon.
You worshipped Gozag.
Gozag was noncommittal.
You were hungry.

You visited 1 branch of the dungeon, and saw 5 of its levels.

You collected 514 gold pieces.
You paid 16 gold pieces to Gozag.

Inventory:

Hand Weapons
 a - a +1 shortbow
 i - a +2 short sword of venom
Missiles
 c - 31 arrows
 k - 13 arrows of flame
 q - 14 arrows of frost
Armour
 j - a +0 pair of gloves (worn)
Jewellery
 l - a +3 ring of strength (left hand)
 v - an amulet of rage (around neck)
 x - a cursed ring of teleportation (right hand)
Wands
 r - a wand of disintegration (12/24)
Scrolls
 e - 4 scrolls of remove curse {unknown}
 f - a scroll of fog {unknown}
 g - 4 scrolls of enchant armour {unknown}
 h - a scroll of teleportation {unknown}
 m - a scroll of blinking {unknown}
 o - 2 scrolls of identify {unknown}
 w - a scroll of enchant weapon {unknown}
 y - a scroll of amnesia {unknown}
 z - a scroll of vulnerability {unknown}
Potions
 b - a potion of flight {unknown}
 d - 2 potions of degeneration {unknown}
 n - a potion of lignification
 t - a potion of heal wounds {unknown}
 u - 2 potions of curing {unknown}
Books
 s - a book of Geomancy

   Spells                             Type                      Level
   a - Sandblast                      Earth                        1
   b - Passwall                       Transmutation/Earth          2
   c - Stone Arrow                    Conjuration/Earth            3
   d - Petrify                        Transmutation/Earth          4
   e - Lee's Rapid Deconstruction     Earth                        5
Comestibles
 p - a bread ration


   Skills:
 + Level 4.3 Fighting
 * Level 6.2 Bows
 + Level 3.6 Dodging
 - Level 0.8 Stealth


You had 6 spell levels left.
You didn't know any spells.

Dungeon Overview and Level Annotations

Branches:
Dungeon (5/15)             Temple (0/1) D:4

Altars:
Fedhas
Gozag
Nemelex Xobeh
Okawaru
Pakellas
Sif Muna
Vehumet
Xom
Yredelemnul
Zin
The Shining One


Innate Abilities, Weirdness & Mutations

You can breathe blasts of noxious fumes.
Your lurid green scales are hard (AC +6).
Your body does not fit into most forms of armour.
Your system is resistant to poisons.
You are cold-blooded and may be slowed by cold attacks.
You can translocate small distances at will.
You possess an exceptional clarity of mind.
You are clumsy. (Dex -2)
You are dopey. (Int -2)
You have a considerably increased reservoir of magic (+20% MP).


Message History

Press: ? - help, Shift-Dir - straight line, f/p - phantom
Aim: a phantom (almost destroyed)
You shoot an arrow. The arrow misses the phantom.
The phantom closely misses you.
Firing (i - inventory. (,) - cycle):
c - 33 arrows (quivered)
Press: ? - help, Shift-Dir - straight line, f/p - phantom
Aim: a phantom (almost destroyed)
You shoot an arrow.
The arrow completely misses the phantom.
The phantom hits you but does no damage.
Firing (i - inventory. (,) - cycle):
c - 32 arrows (quivered)
Press: ? - help, Shift-Dir - straight line, f/p - phantom
Aim: a phantom (almost destroyed)
You shoot an arrow. The arrow hits the phantom!
You destroy the phantom!
You have reached level 7!
Your scales start taking on a lurid green colour.
You feel resistant to poisons.
You are now empty-handed.
Are you sure you want to abandon this character and quit the game? (Confirm with "yes".)

#.# #.# ### #.# #..
#.######## #.# #..$
...# #.# #..# ##.##
#.#
###..####...######.#
#.(@$(((..(........#
#.#..####...###.#.##
# #..#####.## #.#.#
#.......(# #.#.#
##.####### #.#.# #.#
#.#.# #.# #.#.# #.#
#.#.# #.# ..#


There were no monsters in sight!

Vanquished Creatures
  A water moccasin (D:3)
  A phantom (D:5)
  A sky beast (D:5)
  A hound (D:4)
  2 worker ants (D:4)
  A hound zombie (D:4)
  A hound skeleton (D:4)
  4 gnolls (D:3)
  3 adders
  An adder skeleton (D:4)
  2 worms (D:3)
  2 giant geckos
  2 giant cockroaches (D:5)
  2 gnoll zombies (D:3)
  8 goblins
  5 hobgoblins
  4 jackals (D:2)
  2 quokkas (D:2)
  A ball python (D:3)
  9 bats
  7 giant newts
  11 kobolds
  A quokka skeleton (D:4)
  10 rats
82 creatures vanquished.

Notes
Turn   | Place    | Note
--------------------------------------------------------------
     0 | D:1      | namelastname112 the Draconian Hunter began the quest for the Orb.
     0 | D:1      | Reached XP level 1. HP: 17/17 MP: 1/1
   218 | D:1      | Reached XP level 2. HP: 7/24 MP: 2/2
   885 | D:2      | Reached skill level 4 in Bows
   917 | D:2      | Found a shimmering altar of Xom.
   918 | D:2      | Found an iron altar of Okawaru.
   918 | D:2      | Found a glowing golden altar of the Shining One.
   920 | D:2      | Found an opulent altar of Gozag.
   924 | D:2      | Found a deep blue altar of Sif Muna.
   924 | D:2      | Found a sparkling altar of Nemelex Xobeh.
   925 | D:2      | Found a glowing silver altar of Zin.
   933 | D:2      | Became a worshipper of Gozag Ym Sagoz the Greedy
   994 | D:2      | Reached XP level 3. HP: 26/30 MP: 3/3
  1056 | D:2      | Found a radiant altar of Vehumet.
  1316 | D:3      | Reached XP level 4. HP: 20/37 MP: 4/4
  1587 | D:3      | Found a blossoming altar of Fedhas.
  1858 | D:3      | Found an oddly glowing altar of Pakellas.
  2153 | D:3      | Found a basalt altar of Yredelemnul.
  2224 | D:3      | Noticed a water moccasin
  2235 | D:3      | Gained mutation: You have an increased reservoir of magic (+10% MP). [potion of mutation]
  2235 | D:3      | Gained mutation: You have a considerably increased reservoir of magic (+20% MP). [potion of mutation]
  2235 | D:3      | Gained mutation: You are dopey. (Int -2) [potion of mutation]
  2243 | D:3      | Killed a water moccasin
  2243 | D:3      | Reached skill level 5 in Bows
  2243 | D:3      | Reached XP level 5. HP: 10/45 MP: 6/6
  2704 | D:3      | Gained mutation: You possess an exceptional clarity of mind. [potion of mutation]
  2704 | D:3      | Gained mutation: You can translocate small distances at will. [potion of mutation]
  2704 | D:3      | Gained mutation: You are clumsy. (Dex -2) [potion of mutation]
  2931 | D:4      | Reached XP level 6. HP: 47/52 MP: 7/7
  3046 | D:4      | Found a staircase to the Ecumenical Temple.
  3789 | D:5      | Entered Level 5 of the Dungeon
  3860 | D:5      | Noticed a sky beast
  3866 | D:5      | Killed a sky beast
  3866 | D:5      | Reached skill level 6 in Bows
  4067 | D:5      | Reached XP level 7. HP: 55/60 MP: 8/8
  4067 | D:5      | Your scales start taking on a lurid green colour.
  4067 | D:5      | Gained mutation: Your system is resistant to poisons. [Green Draconian growth]
  4069 | D:5      | Quit the game

Vault maps used:
D:1:      dpeg_arrival_round_b, serial_bayou_ford_a, grunt_decor_resistance,
          minivault_27, hangedman_abyss_or_decor_stabs, minmay_unequal
D:2:      vehumet_crystals, grunt_temple_overflow_open, first_bread
D:3:      old_standard_altar, lemuel_zombie_altar_yredelemnul,
          grunt_pakellas_salt
D:4:      temple_doors_e
D:5:      serial_shops, shop, uniq_blork_the_orc

Action                   |  1- 3 |  4- 6 |  7- 9 || total
-------------------------+-------+-------+-------++-------
Melee: Short sword       |   114 |   125 |       ||   239
       Unarmed           |       |     6 |       ||     6
 Fire: Shortbow          |       |    28 |       ||    28
  Use: Potion            |       |     3 |       ||     3
 Stab: Distracted        |     1 |       |       ||     1
       Sleeping          |       |     2 |       ||     2
  Eat: Bread ration      |     1 |       |       ||     1
       Meat ration       |       |     1 |       ||     1
